Map: Lightshade LE

Players

Stats - Winner!

  • Race: Protoss Protoss
  • Spawn Location: 5:00

HeroMarine

  • Race: Terran Terran
  • Spawn Location: 11:00

Event: DreamHack SC2 Masters 2020 Winter

VOD

https://www.youtube.com/watch?v=YXpolCOkmfU&t=31m8s

Description

Time

  • Played on: Nov. 13, 2020, 9:30 a.m.
  • Length: 10:34

All games in this series

Show
View Real Time Build Order
Export as new Build Order

Stats Protoss - Winner!

Build Orders: 1 Gate Expand, Blink Stalkers, Colossus Rush 

Get SALT Encoding   

  12  0:00  Probe  
  13  0:12  Probe  
  14  0:17  Pylon  
  14  0:24  Probe (Chrono Boost)  
  15  0:36  Probe (Chrono Boost)  
  15  0:37  Gateway  
  16  0:45  Probe (Chrono Boost)  
  16  0:48  Assimilator  
  17  0:51  Probe  
  18  1:03  Probe  
  19  1:15  Probe  
  20  1:24  Cybernetics Core  
  20  1:33  Nexus  
  20  1:35  Probe  
  21  1:42  Pylon  
  21  1:48  Assimilator  
  21  1:50  Probe  
  22  1:58  Adept (Chrono Boost)  
  24  2:04  Shield Battery  
  24  2:08  Probe  
  25  2:10  Warp Gate  
  25  2:19  Adept (Chrono Boost)  
  25  2:20  Probe  
  27  2:32  Probe  
  27  2:33  Twilight Council  
  29  2:45  Probe (Chrono Boost)  
  29  2:47  Probe (Chrono Boost), Stalker  
  32  2:56  Probe (Chrono Boost)  
  34  2:59  Probe (Chrono Boost)  
  34  3:01  Probe (Chrono Boost)  
  35  3:10  Blink  
  35  3:12  Probe (Chrono Boost)  
  36  3:13  Probe (Chrono Boost)  
  37  3:21  Probe (Chrono Boost)  
  37  3:23  Probe (Chrono Boost)  
  39  3:33  Robotics Facility  
  39  3:34  Probe x2, Gateway  
  41  3:46  Probe (Chrono Boost)  
  43  3:49  Pylon  
  43  3:50  Probe (Chrono Boost)  
  43  3:53  Assimilator  
  43  3:55  Assimilator  
  43  3:58  Probe (Chrono Boost)  
  43  4:02  Probe (Chrono Boost)  
  45  4:03  Probe (Chrono Boost)  
  45  4:04  Pylon  
  45  4:08  Stalker  
  48  4:10  Probe  
  48  4:13  Probe  
  50  4:20  Observer (Chrono Boost)  
  50  4:22  Probe  
  50  4:23  Robotics Bay  
  52  4:26  Probe  
  52  4:30  Stalker  
  55  4:31  Stalker  
  55  4:35  Probe  
  58  4:42  Nexus  
  58  4:44  Observer  
  59  4:47  Probe x2  
  59  4:50  Pylon  
  61  4:54  Pylon  
  61  4:57  Pylon, Observer  
  61  5:01  Probe  
  62  5:07  Colossus (Chrono Boost)  
  62  5:08  Probe  
  62  5:13  Extended Thermal Lance  
  69  5:15  Probe  
  69  5:20  Probe  
  71  5:24  Forge  
  71  5:25  Gateway  
  71  5:29  Gateway  
  71  5:31  Probe  
  71  5:32  Probe  
  73  5:36  Observer  
  73  5:38  Stalker  
  73  5:40  Stalker  
  77  5:45  Probe x2  
  77  5:49  Pylon  
  79  5:52  Observer  
  79  5:55  Colossus (Chrono Boost)  
  85  5:59  Probe x2  
  85  6:00  Probe  
  88  6:13  Protoss Ground Weapons Level 1 (Chrono Boost)  
  88  6:16  Charge  
  88  6:17  Shield Battery  
  88  6:21  Shield Battery  
  88  6:23  Sentry  
  88  6:24  Stalker x3  
  94  6:30  Gateway  
  94  6:33  Gateway  
  94  6:34  Pylon  
  100  6:50  Sentry, Zealot x3  
  108  7:00  Pylon  
  103  7:02  Pylon  
  103  7:05  Robotics Facility  
  103  7:06  Probe x3  
  100  7:15  Gateway  
  100  7:16  Gateway  
  96  7:28  Pylon  
  86  7:31  Pylon  
  86  7:33  Stalker x3  
  92  7:39  Probe x3  
  95  7:49  Warp Prism (Chrono Boost), Stalker x3  
  95  7:51  Probe x3  
  104  7:54  Pylon  
  104  7:56  Pylon  
  106  7:58  Sentry, Pylon, Protoss Ground Armor Level 1 (Chrono Boost)  
  106  7:59  Zealot  
  106  8:00  Zealot  
  106  8:03  Probe x3  
  115  8:18  Templar Archives, Zealot x5  
  125  8:23  Colossus (Chrono Boost)  
  131  8:31  Zealot  
  131  8:32  Zealot x2  
  137  8:47  Zealot  
  137  8:48  Zealot x3  
  145  8:52  Zealot x2  
  149  8:59  Pylon  
  149  9:01  Pylon, Assimilator  
  149  9:02  Assimilator  
  149  9:03  Pylon  
  135  9:12  Zealot x6  
  135  9:14  Zealot  
  121  9:18  Zealot  
  121  9:21  Colossus (Chrono Boost)  
  101  9:32  Observer  
  101  9:37  High Templar x4  
  95  9:40  Shield Battery  
  95  9:41  Shield Battery, Archon x2  
  95  9:42  Stalker x2  
  95  9:43  Zealot  
  101  9:49  Zealot  
  103  10:06  Zealot x2  
  103  10:07  Zealot  
  113  10:10  Zealot  
  113  10:11  Zealot x3  
  115  10:15  Zealot  
  107  10:28  Zealot x3  
Show
View Real Time Build Order
Export as new Build Order

HeroMarine Terran 

Build Orders: Reaper Expand 

Get SALT Encoding   

  12  0:00  SCV  
  13  0:12  SCV  
  14  0:17  Supply Depot  
  14  0:24  SCV  
  15  0:39  SCV, Barracks  
  16  0:43  Refinery  
  16  0:51  SCV  
  17  1:03  SCV  
  18  1:15  SCV  
  19  1:26  Reaper  
  19  1:30  Orbital Command  
  20  1:48  Command Center  
  20  1:54  Supply Depot  
  20  1:55  SCV  
  20  1:58  Marine  
  22  2:07  SCV  
  23  2:11  Bunker  
  23  2:16  Factory  
  23  2:19  SCV  
  23  2:22  Barracks Reactor  
  24  2:28  Refinery  
  24  2:32  SCV  
  26  2:44  SCV  
  26  2:56  SCV  
  27  3:00  Marine x2  
  27  3:01  Hellion  
  27  3:02  Starport  
  31  3:06  Orbital Command  
  31  3:09  SCV  
  32  3:18  Marine x2  
  34  3:21  SCV  
  36  3:32  SCV  
  36  3:33  SCV  
  36  3:34  Factory Tech Lab  
  36  3:36  Marine x2  
  36  3:40  Barracks  
  38  3:44  SCV  
  38  3:45  SCV  
  39  3:51  Supply Depot  
  39  3:53  Marine  
  39  3:54  Marine  
  39  3:55  Raven  
  43  3:56  SCV  
  43  3:58  SCV  
  45  4:03  Barracks  
  45  4:05  Factory Tech Lab  
  45  4:09  SCV  
  46  4:13  SCV, Marine x2  
  49  4:17  Engineering Bay  
  49  4:21  SCV  
  49  4:23  Supply Depot  
  50  4:25  SCV  
  50  4:27  Refinery  
  51  4:33  SCV  
  51  4:35  Stimpack  
  51  4:37  Marauder  
  54  4:40  Supply Depot  
  54  4:45  SCV x2  
  56  4:46  Marine x2  
  56  4:51  Terran Infantry Weapons Level 1  
  56  4:54  Starport Reactor, Factory Reactor  
  56  4:57  SCV x2  
  56  4:59  Marauder  
  60  5:03  Starport Reactor  
  60  5:04  Refinery, Marauder  
  60  5:06  Supply Depot  
  62  5:09  SCV x2  
  62  5:11  Combat Shield  
  62  5:12  Marine  
  62  5:13  Marine  
  66  5:20  Supply Depot, Marauder  
  68  5:25  Marauder  
  68  5:28  SCV  
  71  5:30  SCV, Marine  
  71  5:31  Marine  
  71  5:32  Supply Depot  
  74  5:39  Medivac x2  
  78  5:43  Marauder  
  78  5:47  Supply Depot, Marauder  
  78  5:48  Marine  
  78  5:49  Marine, Widow Mine  
  86  5:54  Widow Mine  
  86  5:56  Supply Depot  
  88  6:04  Marauder  
  88  6:07  Marine x2  
  88  6:08  SCV, Marauder  
  88  6:09  SCV  
  94  6:15  Medivac x2, Widow Mine x2  
  100  6:26  Marauder  
  100  6:29  Concussive Shells, Marine x2  
  100  6:30  Marauder  
  104  6:38  Command Center  
  103  6:40  Supply Depot  
  103  6:41  Widow Mine x2  
  107  6:52  Marauder x2  
  109  6:54  Marine  
  109  6:56  Marine  
  109  6:58  SCV x2  
  108  7:02  Medivac x2  
  104  7:13  Widow Mine x2  
  104  7:15  Marauder x2  
  94  7:16  Marine x2  
  96  7:23  SCV x2  
  96  7:33  Marine  
  96  7:34  Marine  
  96  7:35  Barracks  
  96  7:36  Marauder  
  96  7:37  Marauder  
  100  7:38  Barracks  
  100  7:39  Medivac  
  100  7:40  Medivac  
  101  7:46  SCV x2  
  101  7:49  Factory Tech Lab  
  101  7:51  Orbital Command  
  103  7:58  SCV x2, Marauder x2  
  109  8:01  Marine x2  
  109  8:09  Siege Tank  
  109  8:10  Liberator x2  
  118  8:14  Supply Depot  
  118  8:15  Supply Depot  
  118  8:19  Marauder x2  
  122  8:20  Refinery  
  122  8:24  Barracks Tech Lab  
  122  8:25  Refinery  
  120  8:27  SCV x2  
  120  8:28  SCV  
  123  8:37  Supply Depot  
  123  8:41  Siege Tank  
  123  8:45  Marauder x3  
  128  8:48  Marine x2  
  128  8:55  Viking x2, Supply Depot  
  132  8:59  Orbital Command  
  132  9:01  Marine x2  
  134  9:06  Marauder x3  
  128  9:17  Siege Tank  
  114  9:19  Marine x2  
  114  9:20  Marine  
  114  9:21  Marine  
  88  9:28  Orbital Command, Marauder x3  
  80  9:36  Marine  
  80  9:40  Marine  
  80  9:41  Marine  
  82  9:49  Marauder x2, Marine x2  
  88  10:10  Marauder, Marine  
  88  10:11  Marauder  
  88  10:15  Marine  
Tags
 
Add a new tag
Caveats
  • Supply blocks, unpowered buildings, or Contaminate may cause inaccurate times.
  • Supply counts are checked every 10 seconds.